 Dungeon Crawl Stone Soup version 0.29.1 (webtiles) character file.

Game seed: 12244000139076726769

1302 funnyparkerb the Carver (level 8, -3/65 HPs)
             Began as a Merfolk Monk on Sept 13, 2022.
             Slain by a troll (5 damage)
             ... on level 6 of the Dungeon.
             The game lasted 00:07:47 (6316 turns).

funnyparkerb the Carver (Merfolk Monk)              Turns: 6316, Time: 00:07:48

Health: -3/65      AC:  8    Str: 11    XL:     8   Next: 57%
Magic:  8/8        EV: 14    Int: 10    God:
Gold:   304        SH:  0    Dex: 18    Spells: 7/7 levels left

rFire   . . .      SeeInvis .   a - +0 falchion
rCold   . . .      Faith    .   v - orb {light}
rNeg    . . .      Spirit   .   o - +0 ring mail
rPois   +          Reflect  .   g - +0 helmet
rElec   .          Harm     .   r - +0 cloak
rCorr   .          Rampage  .   l - +0 pair of gloves
Will    .....                   (no boots)
Stlth   ..........              j - amulet of the acrobat
HPRegen 0.20/turn               f - +4 ring of slaying
MPRegen 0.11/turn               z - ring of poison resistance

@: confused, ambrosia-drunk, glowing
A: (nimble swimmer 2), mertail
a: no special abilities


You were on level 6 of the Dungeon.
You visited 1 branch of the dungeon, and saw 6 of its levels.

You collected 304 gold pieces.

Inventory:

Hand Weapons
 a - a +0 falchion (weapon)
 x - a +0 morningstar
Armour
 g - a +0 helmet (worn)
 l - a +0 pair of gloves (worn)
 o - a +0 ring mail (worn)
 r - a +0 cloak (worn)
 v - an orb of light (worn)
Jewellery
 d - a ring of resist corrosion
 f - a +4 ring of slaying (left hand)
 j - an amulet of the acrobat (around neck)
 z - a ring of poison resistance (right hand)
Scrolls
 e - 5 scrolls of butterflies {unknown}
 h - 8 scrolls of identify {unknown}
 m - a scroll of magic mapping {unknown}
 n - 2 scrolls of immolation {unknown}
 p - 2 scrolls of enchant weapon {unknown}
 t - a scroll of teleportation {unknown}
 y - a scroll of acquirement {unknown}
Potions
 b - 4 potions of haste {unknown}
 i - 2 potions of curing {unknown}
 k - 2 potions of magic {unknown}
 q - 2 potions of lignification {unknown}
 s - a potion of might {unknown}
 u - a potion of resistance {unknown}
 w - a potion of attraction {unknown}


   Skills:
 + Level 6.4 Fighting
 + Level 8.4 Long Blades
 - Level 2.0 Armour
 - Level 8.0 Dodging
 - Level 2.1 Stealth


You had 7 spell levels left.
You didn't know any spells.
Your spell library contained the following spells:

 Spells                   Type           Power      Damage    Failure   Level
 Sting                    Tmut/Pois      0%         1d3       65%         1
 Poisonous Vapours        Pois/Air       0%         N/A       80%         2
 Animate Dead             Necr           0%         N/A       100%        4
 Olgreb's Toxic Radiance  Pois           0%         N/A       100%        4
 Summon Forest            Summ/Tloc      0%         N/A       100%        5
 Summon Mana Viper        Hex/Summ       0%         N/A       100%        5
 Summon Cactus Giant      Summ           0%         N/A       100%        6
 Haunt                    Necr/Summ      0%         N/A       100%        7
 Infestation              Necr           0%         N/A       100%        8


Dungeon Overview and Level Annotations

Branches:
Dungeon (6/15)
 Temple: D:4-7

Altars:
Elyvilon
Hepliaklqana
Kikubaaqudgha
Vehumet
Wu Jian
Xom
Yredelemnul

Shops:
D:2 [   D:3 *


Innate Abilities, Weirdness & Mutations

((You are very nimble when in or above water. (Stealth+, EV+, Speed+++)))
Your lower body shifts to a powerful aquatic tail in water.


Message History

The killer bee closely misses you.
You hit the killer bee.
The killer bee is lightly wounded.
The killer bee completely misses you. The killer bee stings you.
Okay, then.
You barely miss the killer bee.
The killer bee is lightly wounded.
The killer bee barely misses you. The killer bee stings you.
You miss the killer bee.
The killer bee is lightly wounded.
The killer bee closely misses you.
You slash the killer bee!
The killer bee is severely wounded.
The killer bee stings you but does no damage.
The killer bee closely misses you.
You slash the killer bee!
You kill the killer bee!
You hit the troll.
The troll is lightly wounded.
The troll bites you! The troll barely misses you. The troll closely misses you.
You hit the troll.
The troll is lightly wounded.
The troll bites you. The troll barely misses you.
The troll completely misses you.
You hit the troll.
The troll is moderately wounded.
The troll bites you! The troll misses you. The troll claws you.
You slash the troll!
The troll is heavily wounded.
The troll bites you!
* * * LOW HITPOINT WARNING * * *
The troll barely misses you. The troll claws you!
* * * LOW HITPOINT WARNING * * *
The troll attacks as you move away! The troll closely misses you.
The troll misses you. The troll closely misses you.
You are confused.
You feel invigorated. The troll bites you!
* * * LOW HITPOINT WARNING * * *
The troll claws you.
You die...

## .###.##
#####.......
#.T)....$..#
#@##########
#.# #.#
#.### #...#
###.# #.###
#...#######
#.#.......#


You could see a troll.

Vanquished Creatures
  A water moccasin (D:5)
  An orc warrior (D:6)
  An ice beast (D:6)
  A black bear (D:6)
  An ogre (D:6)
  A necrophage (D:5)
  A water moccasin zombie (D:6)
  A bullfrog (D:5)
  A killer bee (D:6)
  2 bullfrog zombies (D:6)
  A hound (D:4)
  A centaur zombie (D:6)
  An orc priest (D:6)
  4 jellies (D:6)
  4 iguanas
  A killer bee zombie (D:6)
  Robin (D:2)
  8 adders
  A shadow imp (D:5)
  An ufetubus (D:4)
  4 worms
  4 dart slugs
  6 orcs
  4 ball pythons
  2 bats (D:1)
  5 endoplasms
  2 giant cockroaches (D:2)
  14 goblins
  12 hobgoblins
  4 jackals
  7 quokkas
  4 frilled lizards
  7 kobolds
  8 rats
117 creatures vanquished.

Notes
Turn   | Place    | Note
-------+----------+-------------------------------------------
     0 | D:1      | funnyparkerb the Merfolk Monk began the quest for the Orb.
     0 | D:1      | Reached XP level 1. HP: 18/18 MP: 1/1
   349 | D:1      | Reached XP level 2. HP: 21/24 MP: 2/2
   627 | D:1      | Found a faded altar of an unknown god.
  1027 | D:2      | Noticed Robin
  1034 | D:2      | Reached XP level 3. HP: 21/29 MP: 3/3
  1044 | D:1      | Reached skill level 5 in Long Blades
  1248 | D:2      | Found Wiulleo's Armour Shoppe.
  1398 | D:2      | Reached XP level 4. HP: 35/35 MP: 4/4
  1526 | D:2      | Killed Robin
  2255 | D:2      | Reached XP level 5. HP: 41/41 MP: 5/5
  2626 | D:3      | Found an ancient bone altar of Kikubaaqudgha.
  2656 | D:3      | Found Erruk's General Store.
  3511 | D:5      | Entered Level 5 of the Dungeon
  3577 | D:4      | Found a shimmering altar of Xom.
  3689 | D:4      | Found a white marble altar of Elyvilon.
  4483 | D:5      | Reached XP level 6. HP: 47/47 MP: 6/6
  4824 | D:5      | Reached skill level 1 in Armour
  5161 | D:5      | Noticed a water moccasin
  5169 | D:5      | Killed a water moccasin
  5170 | D:5      | Reached skill level 5 in Dodging
  5170 | D:5      | Reached XP level 7. HP: 37/55 MP: 7/7
  5510 | D:5      | Found a faded altar of an unknown god.
  5510 | D:5      | Found a hazy altar of Hepliaklqana.
  5512 | D:5      | Found a faded altar of an unknown god.
  5680 | D:6      | Found an ornate altar of the Wu Jian Council.
  5783 | D:6      | Reached skill level 5 in Fighting
  5880 | D:6      | Found a basalt altar of Yredelemnul.
  5939 | D:6      | Reached XP level 8. HP: 63/63 MP: 8/8
  6264 | D:6      | Found a radiant altar of Vehumet.
  6289 | D:6      | Noticed a troll
  6316 | D:6      | HP: 2/65 [troll (8)]
  6316 | D:6      | Slain by a troll

Illustrated notes

Levels and vault maps discovered:
D:1:      matt_arrival_spirals, layout_loops_ring,
          ebering_ecumenical_altar_sacrificial
D:2:      layout_loops_ring, serial_shops, shop_statue, uniq_robin
D:3:      layout_basic, kiku_gazebo_garden_becter, serial_shops, shop
D:4:      layout_cave_pods, lemuel_crystal_altar, nicolae_overflow_crystal_walls
D:5:      layout_basic, nicolae_hepliaklqana_ecumenical_no_more
D:6:      layout_loops_ring, kennysheep_mini_moat,
          pdpol_wu_jian_five_deadly_venoms, general_overflow_altar,
          nicolae_yredelemnul_corpse_copse, minmay_manual_mandibuliform

Skill      XL: |  1  2  3  4  5  6  7  8 |
---------------+-------------------------+-----
Long Blades    | 4 5 6 8 |  8.4
Armour         | 1 2 |  2.0
Fighting       | 4 5 6 |  6.4
Dodging        | 5 6 8 |  8.0
Stealth        | |  2.1

Action                   |  1- 3 |  4- 6 |  7- 9 || total
-------------------------+-------+-------+-------++-------
Melee: Falchion          |    81 |   183 |    96 ||   360
       Punch             |     2 |     2 |       ||     4
  Use: Potion            |       |       |     1 ||     1
 Stab: Sleeping          |     4 |     7 |       ||    11
Armor: Leather armour    |    16 |    11 |       ||    27
       Ring mail         |       |    34 |    32 ||    66
Dodge: Dodged            |    72 |   106 |    66 ||   244
